cohdb
Replays
Latest Replays
All Replays
Popular Replays
Top Player Replays
Match Explorer
How It Works
Community
CoH3 Stats
Reddit
Sign in to upload your games and track your stats! →
Sign in with Steam
Match 47052664
Unlisted
Match 47052664
Overview
Messages
Build Orders
End
Kettenkrad Recon Vehicle
Construct Infanterie Kompanie
MG 42 Machine Gun Team
MG 42 Machine Gun Team
Selects Italian Coastal Battlegroup
Infanterie Officer Quarters
MG 42 Bunker
Construct Luftwaffe Kompanie
Support Elements
Grenadier Squad
Selects Support Bunkers
Marder III M Tank Destroyer
Anti-tank Bunker
Selects Rapid Fortifications
Rapid Fortifications
Anti-tank Bunker
Rapid Fortifications
Kettenkrad Recon Vehicle
Jäger Squad
Wirbelwind Flakpanzer
Selects Bulwark
Luftwaffe Officer Quarters
Anti-tank Bunker
Rapid Fortifications
Medical Bunker
Jäger Squad
Rapid Fortifications
Wirbelwind Flakpanzer
Medical Station
Selects Coastal Reserves
Selects Artillery Officer
Rapid Fortifications
Anti-tank Bunker
Artillery Officer
Selects Coastal Wall
Pioneer Squad
Herogus3xD
PIGEONS ARE FBI DRONES
Bananenratte
jugo
GruZ
Jaci od Gadafija
0
0
Comments
sign in to comment!
No comments posted yet!